 Dungeon Crawl Stone Soup version 0.21-a0-286-g6fcecc0 (webtiles) character file.

1673 apical the Insei (level 9, -1/59 HPs)
             Began as an Octopode Transmuter on Sept 26, 2017.
             Was a Follower of Okawaru.
             Succumbed to a water moccasin's poison
             ... on level 6 of the Dungeon.
             The game lasted 00:14:18 (7808 turns).

apical the Insei (Octopode Transmuter)              Turns: 7808, Time: 00:14:18

Health: -1/59      AC:  3    Str: 12    XL:     9   Next: 1%
Magic:  3/15       EV: 23    Int: 16    God:    Okawaru [*.....]
Gold:   97         SH:  0    Dex: 17    Spells: 6/16 levels left

rFire    . . .     SeeInvis .     - Unarmed
rCold    . . .     Gourm    .   (no shield)
rNeg     . . .     Faith    .   (helmet restricted)
rPois    .         Spirit   .   (no amulet)
rElec    .         Reflect  .   l - ring of flight
rCorr    .         Harm     .   (no ring)
MR       .....     Clarity  +   (no ring)
Stlth    +++++.....             (no ring)
HPRegen  0.19/turn              (no ring)
MPRegen  0.14/turn              (no ring)
                                (no ring)
                                (no ring)

@: agile, lethally poisoned (-1 -> -19), heroism, marked
A: almost no armour, stealthy swim, amphibious, 8 rings, constrict 8, tentacle
spike 1, iridescent scales 1, camouflage 1, blink, clarity, gelatinous body 1
a: Blink, Heroism, Renounce Religion, Evoke Flight


You were on level 6 of the Dungeon.
You worshipped Okawaru.
Okawaru was aware of your devotion.
You were not hungry.

You visited 2 branches of the dungeon, and saw 7 of its levels.
You also visited: Ossuary.

You collected 340 gold pieces.
You spent 243 gold pieces at shops.

Inventory:

Missiles
 a - 83 arrows
 d - 196 stones (quivered)
Armour
 q - a +0 large shield
Jewellery
 k - an uncursed amulet of inaccuracy
 l - a ring of flight (left tentacle)
 r - an uncursed ring of ice
Wands
 g - a wand of paralysis (12/24)
 n - a wand of flame (15/48)
Scrolls
 e - 5 scrolls of identify
 j - a scroll of recharging
 o - a scroll of fear {unknown}
 p - 2 scrolls of teleportation
 u - a scroll of remove curse
Potions
 h - 2 potions of agility
 m - a potion of brilliance
Books
 b - a book of Changes

   Spells                             Type                      Level
   a - Beastly Appendage              Transmutation                1
   b - Sticks to Snakes               Transmutation                2
   c - Spider Form                    Transmutation/Poison         3
   d - Ice Form                       Ice/Transmutation            4
   e - Blade Hands                    Transmutation                5
Comestibles
 c - a bread ration
 f - 2 royal jellies
 i - 8 fruits
 s - 3 chunks of flesh
 t - 3 meat rations


   Skills:
 + Level 4.4(9.4) Fighting
 - Level 2.0(7.0) Dodging
 * Level 7.4(12.4) Unarmed Combat
 + Level 4.2 Spellcasting
 * Level 6.6 Transmutations


You had 6 spell levels left.
You knew the following spells:

 Your Spells              Type           Power        Failure   Level  Hunger
a - Beastly Appendage     Tmut           ###...       1%          1    None
b - Sticks to Snakes      Tmut           ###.....     1%          2    ##.....
c - Spider Form           Tmut/Pois      ##........   13%         3    ###....
d - Ice Form              Ice/Tmut       ##......     38%         4    ####...


Dungeon Overview and Level Annotations

Branches:
Dungeon (6/15)             Temple (1/1) D:5

Altars:
Ashenzari
Cheibriados
Dithmenos
Elyvilon
Fedhas
Kikubaaqudgha
Makhleb
Nemelex Xobeh
Okawaru
Qazlal
Ru
Sif Muna
Trog
Uskayaw
Vehumet
Wu Jian
Xom
Zin
The Shining One

Shops:
D:5 *

Annotations:
D:6 Eustachio


Innate Abilities, Weirdness & Mutations

You cannot wear most types of armour.
You are very stealthy in the water. (Stealth+)
You are amphibious.
You can wear up to eight rings at the same time.
You can use your tentacles to constrict eight enemies at once.
Your skin changes colour to match your surroundings (Stealth+).
Your rubbery body absorbs attacks. (AC +1, EV +1)
One of your tentacles bears a spike.
You are partially covered in iridescent scales. (AC +2)
You can translocate small distances at will.
You possess an exceptional clarity of mind.


Message History

You feel sick.
Your adder bites the water moccasin but does no damage.
The water moccasin misses your adder. The rat completely misses you.
An orc priest comes into view.
You see here a bullfrog corpse.
Okay, then.
Unknown command.
Your transformation has ended.
Your surroundings suddenly seem different.
* * * LOW HITPOINT WARNING * * *
You feel sick.
Okay, then.
Unknown command.
Casting: Sticks to Snakes
Confirm with . or Enter, or press ? or * to list all spells.
Okay, then.
Unknown command.
* * * LOW HITPOINT WARNING * * *
You feel sick.
You die...

##
#########.#
..>....#.#
###.@#
#...##
#.#..# ..
....# ##
.#.....
#........ #
..####.#
..# .# #...
.


There were no monsters in sight!

Vanquished Creatures
  Grinder (D:5)
  Sigmund (D:3)
  Menkaure (D:4)
  Edmund (D:5)
  An ogre (D:3)
  3 elf zombies (Ossuary)
  3 bullfrogs
  A scorpion (D:4)
  A howler monkey (D:6)
  A centaur zombie (D:5)
  A crimson imp (D:4)
  2 hounds
  A human zombie (Ossuary)
  3 iguanas
  2 worker ants (D:4)
  A big kobold zombie (Ossuary)
  2 mummies (Ossuary)
  Robin (D:3)
  A worker ant zombie (D:5)
  4 adders
  2 oozes
  3 adder zombies (Ossuary)
  4 worms
  7 orcs (D:3)
  6 ball pythons
  5 giant cockroaches
  5 hobgoblins (D:1)
  4 jackals (D:2)
  7 kobolds
  2 quokkas (D:4)
  2 bats
  5 frilled lizards
  22 goblins
  10 hobgoblin zombies (Ossuary)
  7 kobold zombies (Ossuary)
  10 orc zombies (Ossuary)
  8 rats
  2 rat zombies (Ossuary)
143 creatures vanquished.

Notes
Turn   | Place    | Note
-------+----------+-------------------------------------------
     0 | D:1      | apical the Octopode Transmuter began the quest for the Orb.
     0 | D:1      | Reached XP level 1. HP: 13/13 MP: 3/3
   302 | D:1      | Reached XP level 2. HP: 18/18 MP: 5/5
   657 | D:1      | Reached XP level 3. HP: 23/23 MP: 4/6
  1541 | D:2      | Reached skill level 4 in Unarmed Combat
  1788 | D:2      | Found an ancient bone altar of Kikubaaqudgha.
  1876 | D:2      | Reached XP level 4. HP: 28/28 MP: 7/7
  2036 | D:2      | Learned a level 2 spell: Sticks to Snakes
  2222 | D:2      | Found a faded altar of an unknown god.
  2657 | D:3      | Noticed Robin
  2664 | D:3      | Killed Robin
  3126 | D:3      | Noticed Sigmund
  3134 | D:3      | Killed Sigmund
  3134 | D:3      | Reached XP level 5. HP: 35/35 MP: 6/9
  3134 | D:3      | Reached XP level 6. HP: 41/41 MP: 6/10
  3348 | D:3      | Found a shimmering altar of Xom.
  3362 | D:3      | Reached skill level 5 in Unarmed Combat
  3871 | D:3      | Learned a level 3 spell: Spider Form
  3876 | D:3      | Learned a level 4 spell: Ice Form
  4194 | D:4      | Noticed Menkaure
  4201 | D:4      | Killed Menkaure
  4201 | D:4      | Reached XP level 7. HP: 34/45 MP: 11/11
  4423 | D:4      | Gained mutation: You can translocate small distances at will. [potion of mutation]
  4423 | D:4      | Gained mutation: One of your tentacles bears a spike. [potion of mutation]
  4423 | D:4      | Gained mutation: You are partially covered in iridescent scales. (AC +2) [potion of mutation]
  4423 | D:4      | Gained mutation: You possess an exceptional clarity of mind. [potion of mutation]
  4431 | D:4      | Reached skill level 5 in Transmutations
  5094 | D:5      | Entered Level 5 of the Dungeon
  5147 | D:5      | Found a sand-covered staircase.
  5301 | Ossuary  | Entered an ossuary
  5404 | Ossuary  | Reached skill level 6 in Unarmed Combat
  5478 | Ossuary  | Reached XP level 8. HP: 38/52 MP: 11/13
  6511 | D:5      | Found Seicaano's Assorted Antiques.
  6525 | D:5      | Bought a scroll labeled VEYNUL RAIM for 27 gold pieces
  6526 | D:5      | Bought a scroll of identify for 54 gold pieces
  6526 | D:5      | Bought a scroll of identify for 54 gold pieces
  6526 | D:5      | Bought a blackened iron wand for 108 gold pieces
  6784 | D:5      | Noticed Edmund
  6794 | D:5      | Killed Edmund
  7005 | D:5      | Found a staircase to the Ecumenical Temple.
  7065 | Temple   | Entered the Ecumenical Temple
  7153 | Temple   | Became a worshipper of Warmaster Okawaru
  7456 | D:5      | Noticed Grinder
  7468 | D:5      | Killed Grinder
  7468 | D:5      | Reached skill level 7 in Unarmed Combat
  7792 | D:6      | Noticed Eustachio
  7796 | D:6      | Reached * piety under Okawaru
  7802 | D:6      | Reached XP level 9. HP: 19/59 MP: 2/15
  7807 | D:6      | HP: 1/59 [poisoned by a water moccasin]
  7808 | D:6      | Succumbed to a water moccasin's poison

Vault maps used:
D:1:      minmay_arrival_nine_rooms
D:2:      kiku_gazebo_garden_becter, chequers_ecumenical_altar_simple,
          first_bread
D:3:      lemuel_coloured_pillars_altar, uniq_sigmund, uniq_robin
D:4:      uniq_menkaure
D:5:      minmay_temple_entry_enclosed_plants, serial_shops,
          nicolae_shop_crystal, nicolae_ossuary_entry_plus, kennysheep_diamond,
          serial_park_tiny_1, uniq_edmund, uniq_grinder
D:6:      uniq_pikel, uniq_eustachio
Temple:   minmay_crystal_spiral_temple
Ossuary:  ossuary_tomb_1

Skill      XL: |  1  2  3  4  5  6  7  8 |
---------------+-------------------------+-----
Unarmed Combat | 4 5 6 7 |  7.4
Transmutations | 3 4 5 6 |  6.6
Fighting       | 2 3 4 |  4.4
Spellcasting   | 3 4 |  4.2
Dodging        | |  2.0

Action                   |  1- 3 |  4- 6 |  7- 9 || total
-------------------------+-------+-------+-------++-------
Melee: Unarmed           |    89 |    90 |   201 ||   380
       Constrict         |    22 |    15 |    44 ||    81
       Tentacles         |    16 |    15 |    30 ||    61
       Kick              |    16 |     9 |    54 ||    79
       Punch             |     1 |     2 |     5 ||     8
Throw: Stone             |     2 |       |     3 ||     5
 Cast: Beastly Appendage |    15 |    12 |       ||    27
       Spider Form       |       |       |     4 ||     4
       Sticks to Snakes  |       |       |     4 ||     4
Invok: Heroism           |       |       |     1 ||     1
 Abil: End Transformatio |       |       |     1 ||     1
  Use: Scroll            |     2 |     2 |     6 ||    10
       Potion            |       |     4 |     6 ||    10
 Stab: Sleeping          |     5 |     3 |     5 ||    13
  Eat: Chunk             |     3 |     7 |     4 ||    14
       Bread ration      |       |       |     2 ||     2
       Fruit             |       |       |     1 ||     1
Armor: Skin              |     7 |     2 |    22 ||    31
Dodge: Dodged            |    54 |    53 |    98 ||   205

Table legend:
 A = Spawn XP
 B = Non-spawn XP
 C = Spawn XP percentage of total XP
 D = Spawn monster count
 E = Non-spawn monster count
 F = Spawn count percentage of total count
 G = Total turns spent on level
                    A         B        C        D         E        F      G
               +---------+---------+-------+---------+---------+-------+---------
         Total |       0 |    2390 |   0.0 |       0 |     143 |   0.0 |  7808
               +---------+---------+-------+---------+---------+-------+---------
           D:1 |       0 |      49 |   0.0 |       0 |      25 |   0.0 |  1158
           D:2 |       0 |      45 |   0.0 |       0 |      21 |   0.0 |  1309
           D:3 |       0 |     505 |   0.0 |       0 |      28 |   0.0 |  1685
           D:4 |       0 |     421 |   0.0 |       0 |      13 |   0.0 |   942
           D:5 |       0 |     649 |   0.0 |       0 |      12 |   0.0 |  1261
           D:6 |       0 |     285 |   0.0 |       0 |       5 |   0.0 |    73
       Ossuary |       0 |     436 |   0.0 |       0 |      39 |   0.0 |  1204
               +---------+---------+-------+---------+---------+-------+---------
